 Dungeon Crawl Stone Soup version 0.20-a0-984-ge8aa303 (webtiles) character file.

10 Alarkh the Charmwright (level 2, -1/22 HPs)
             Began as a Demonspawn Skald on Apr 10, 2017.
             Slain by a kobold
             ... wielding a +0 short sword
              (3 damage)
             ... on level 1 of the Dungeon.
             The game lasted 00:00:21 (310 turns).

Alarkh the Charmwright (Demonspawn Skald)            Turns: 310, Time: 00:00:21

Health: -1/22      AC:  3    Str: 11    XL:     2   Next: 10%
Magic:  5/5        EV: 11    Int: 14    God:
Gold:   10         SH:  0    Dex: 12    Spells: 4/5 levels left

rFire    . . .     SeeInvis .   a - +0 hand axe
rCold    + . .     Gourm    .   (no shield)
rNeg     . . .     Faith    .   b - +0 leather armour
rPois    .         Spirit   .   (no helmet)
rElec    .         Reflect  .   (no cloak)
rCorr    .         Harm     .   (no gloves)
MR       .....                  (no boots)
Stlth    +.........             (no amulet)
Regen    0.1/turn               (no ring)
MPRegen  0.1/turn               (no ring)

@: no status effects
A: cold resistance 1
a: no special abilities


You were on level 1 of the Dungeon.
You were not hungry.

You visited 1 branch of the dungeon, and saw 1 of its levels.

You collected 10 gold pieces.

Inventory:

Hand Weapons
 a - a +0 hand axe (weapon)
Armour
 b - a +0 leather armour (worn)
Scrolls
 e - a scroll of amnesia {unknown}
 f - a scroll of enchant weapon {unknown}
Books
 c - a book of Battle

   Spells                             Type                      Level
   a - Infusion                       Charms                       1
   b - Shroud of Golubria             Charms/Translocation         2
   c - Song of Slaying                Charms                       2
   d - Spectral Weapon                Hexes/Charms                 3
   e - Regeneration                   Charms/Necromancy            3
Comestibles
 d - a bread ration


   Skills:
 - Level 2.0 Fighting
 + Level 2.5 Axes
 - Level 0.8 Armour
 - Level 1.7 Dodging
 - Level 2.0 Spellcasting
 - Level 2.6 Charms


You had 4 spell levels left.
You knew the following spells:

 Your Spells              Type           Power        Failure   Level  Hunger
a - Infusion              Chrm           #...         12%         1    ##.....


Dungeon Overview and Level Annotations

Branches:
Dungeon (1/15)

Altars:


Innate Abilities, Weirdness & Mutations

Your flesh is cold resistant. (rC+)


Message History

You closely miss the kobold. The kobold barely misses you.
You hit the kobold but do no damage. The kobold hits you with a short sword.
You hit the kobold but do no damage. The kobold hits you with a short sword.
You are too injured to fight recklessly!
You are too injured to fight recklessly!
You are too injured to fight recklessly!
You are too injured to fight recklessly!
You miss the kobold. The kobold closely misses you.
You barely miss the kobold. The kobold hits you with a short sword!
* * * LOW HITPOINT WARNING * * *
The kobold misses you.
You barely miss the kobold. The kobold hits you but does no damage.
You miss the kobold. The kobold closely misses you.
You barely miss the kobold. The kobold hits you with a short sword.
* * * LOW HITPOINT WARNING * * *
You closely miss the kobold. The kobold closely misses you.
You hit the kobold.
The kobold is moderately wounded.
The kobold hits you with a short sword.
You die...

#..##...######..(.)............#
#..##..## #(.................
......... #..............#.##
......... ##............###
......... #............##
......... #..#.........#
......... #..#.........#
..........!##?!....#...#.#
................@#####)..#
..........##..##)K# #...#
##.#####..... ....# ##.... .. ##
#..#..# .##.. ##?..... .. ....
..#.#...... ... ... ....... ..
..# . #..


You could see a kobold.

Vanquished Creatures
  A dart slug (D:1)
  A bat (D:1)
  2 hobgoblins (D:1)
  3 kobolds (D:1)
  A rat (D:1)
8 creatures vanquished.

Notes
Turn   | Place    | Note
-------+----------+-------------------------------------------
     0 | D:1      | Alarkh the Demonspawn Skald began the quest for the Orb.
     0 | D:1      | Reached XP level 1. HP: 16/16 MP: 3/3
   301 | D:1      | Gained mutation: Your flesh is cold resistant. (rC+) [demonic ancestry]
   301 | D:1      | Reached XP level 2. HP: 14/22 MP: 5/5
   308 | D:1      | HP: 1/22 [kobold/short sword (2)]
   310 | D:1      | Slain by a kobold

Vault maps used:
D:1:      lightli_iron_boxes

Skill      XL: |  1 |
---------------+----+-----
Axes           | 2 |  2.5
Fighting       | |  2.0
Armour         | |  0.8
Dodging        | |  1.7
Spellcasting   | |  2.0
Charms         | |  2.6

Action                   || total
-------------------------++-------
Melee: Hand axe          ||    36
Armor: Leather armour    ||    16
Dodge: Dodged            ||    28
